 Dungeon Crawl Stone Soup version 0.26.1-11-gd32895ea62 (webtiles) character file.

Game seed: 18291875251638041443

19702 Almogavar the Destroyer (level 13, -4/70 HPs)
             Began as a Kobold Conjurer on June 3, 2021.
             Was an Elder of Nemelex Xobeh.
             Hit by a large rock thrown by a cyclops (31 damage)
             ... on level 2 of the Orcish Mines.
             The game lasted 01:16:33 (18310 turns).

Almogavar the Destroyer (Kobold Conjurer)          Turns: 18310, Time: 01:16:33

Health: -4/70      AC: 11    Str:  5    XL:     13   Next: 6%
Magic:  33/37      EV: 19    Int: 24    God:    Nemelex Xobeh [****..]
Gold:   1238       SH:  5    Dex: 13    Spells: 24/34 levels left

rFire    + . .     SeeInvis .   E - +7 broad axe of Callyhu {drain, +Inv rPois rF+ rN+}
rCold    . . .     Faith    .   (shield currently unavailable)
rNeg     + . .     Spirit   .   Y - +2 robe {Will+}
rPois    +         Reflect  +   B - +0 helmet
rElec    .         Harm     .   v - +2 cloak {rCorr}
rCorr    +         Rampage  .   O - +0 pair of gloves
Will     +....     Rnd*Tele +   d - +0 pair of boots
Stlth    +++++.....             s - amulet of reflection
HPRegen  0.21/turn              L - ring of magical power
MPRegen  0.25/turn              R - ring of teleportation (curse)

@: studying Shields
A: small, nightstalker 3
a: Renounce Religion, Evoke Invisibility, Draw Escape, Draw Destruction, Draw
Summoning, Triple Draw, Deal Four


You were on level 2 of the Orcish Mines.
You worshipped Nemelex Xobeh.
Nemelex Xobeh was greatly pleased with you.
You visited 2 branches of the dungeon, and saw 12 of its levels.
You also visited: Bailey.

You collected 1313 gold pieces.
You spent 75 gold pieces at shops.

Inventory:

Hand Weapons
 f - a +2 dagger of speed
 E - the +7 broad axe of Callyhu (weapon) {drain, +Inv rPois rF+ rN+}
   (You found it on level 6 of the Dungeon)

   A truly terrible weapon, it drains the life of those it strikes.
   It protects you from fire.
   It protects you from poison.
   It protects you from negative energy.
   It lets you turn invisible.
Armour
 c - a +1 ring mail of willpower
 d - a +0 pair of boots (worn)
 h - +0 fire dragon scales
 j - a +0 scale mail
 v - a +2 cloak of preservation (worn)
 w - a +0 buckler
 B - a +0 helmet (worn)
 G - quicksilver dragon scales
 H - a +0 kite shield
 K - +0 swamp dragon scales
 O - a +0 pair of gloves (worn)
 Y - a +2 robe of willpower (worn)
Magical Staves
 N - an uncursed staff of air
Jewellery
 s - an amulet of reflection (around neck)
 D - an uncursed amulet of magic regeneration
 L - a ring of magical power (left hand)
 R - a cursed ring of teleportation (right hand)
Wands
 i - a wand of acid (22)
 k - a wand of enslavement (26)
 q - a wand of flame (33)
 r - a wand of digging (8)
 y - a wand of polymorph (9)
 J - a wand of iceblast (9)
Scrolls
 e - a scroll of teleportation
 n - a scroll of magic mapping
 u - 2 scrolls of enchant armour
 I - a scroll of torment {unknown}
 P - a scroll of amnesia {unknown}
 Q - a scroll of enchant weapon
 U - 2 scrolls of blinking
Potions
 a - a potion of curing
 b - 2 potions of flight
 g - 3 potions of heal wounds
 l - 4 potions of invisibility
 m - 2 potions of berserk rage
 o - 2 potions of cancellation
 p - a potion of haste {unknown}
 t - a potion of brilliance {unknown}
 x - a potion of magic {unknown}
 z - 6 potions of attraction {unknown}
 A - a potion of ambrosia {unknown}
 C - 3 potions of lignification {unknown}
 T - a potion of resistance {unknown}
 W - 2 potions of experience {unknown}
Books
 V - a manual of Shields
Miscellaneous
 M - a condenser vane
 X - a lightning rod (4/4)


   Skills:
 + Level 3.8 Fighting
 - Level 4.1 Short Blades
 + Level 4.0 Armour
 + Level 7.3 Dodging
 + Level 9.8 Stealth
 + Level 2.2 Shields
 + Level 11.3 Spellcasting
 + Level 11.8 Conjurations
 + Level 6.6 Translocations
 + Level 0.8 Evocations


You had 24 spell levels left.
You knew the following spells:

 Your Spells              Type           Power        Failure   Level
a - Magic Dart            Conj           100%         1%          1
b - Searing Ray           Conj           100%         1%          2
c - Iskenderun's Mystic   Conj/Tloc      55%          1%          4
d - Dazzling Flash        Conj/Hex       84%          1%          3

Your spell library contained the following spells:

 Spells                   Type           Power        Failure   Level
 Foxfire                  Conj/Fire      100%         1%          1
 Conjure Flame            Conj/Fire      42%          1%          3
 Mephitic Cloud           Conj/Pois/Air  32%          2%          3
 Sting                    Tmut/Pois      52%          4%          1
 Summon Small Mammal      Summ           52%          4%          1
 Fulminant Prism          Conj/Hex       21%          4%          4
 Sticky Flame             Conj/Fire      42%          4%          4
 Call Imp                 Summ           13%          7%          2
 Poisonous Vapours        Pois/Air       26%          7%          2
 Fireball                 Conj/Fire      21%          11%         5
 Call Canine Familiar     Summ           13%          14%         3
 Ignite Poison            Fire/Tmut/Pois 13%          14%         3
 Inner Flame              Hex/Fire       13%          14%         3
 Summon Guardian Golem    Hex/Summ       13%          14%         3
 Olgreb's Toxic Radiance  Pois           13%          41%         4
 Summon Ice Beast         Ice/Summ       13%          41%         4
 Summon Lightning Spire   Summ/Air       13%          41%         4


Dungeon Overview and Level Annotations

Branches:
Dungeon (10/15)            Temple (0/1) D:6             Orc (2/2) D:10
 Bailey (visited)
   Lair: D:8-11         Elf: Orc:2

Altars:
Ashenzari
Cheibriados
Fedhas
Gozag
Hepliaklqana
Kikubaaqudgha
Makhleb
Nemelex Xobeh
Okawaru
Ru
Wu Jian
Zin
The Shining One

Shops:
D:5 ?(}(   D:8 [   D:9 (   Orc:2 ?

Annotations:
D:2 Sigmund
Orc:1 exclusion: obsidian statue


Innate Abilities, Weirdness & Mutations

You are small and have problems with some larger weapons.
You are completely attuned to the shadows.


Message History

A cyclops comes into view.
Casting: Searing Ray (safe; 1% risk of failure)
Confirm with . or Enter, or press ? or * to list all spells.
Aiming: Searing Ray (safe; 1% risk of failure)
Press: ? - help, Shift-Dir - straight line, f - cyclops
Aim: a cyclops, quivering 5 large rocks (wandering, hasn't noticed you, 2% to evade)
The searing ray hits the cyclops!
The cyclops is moderately wounded.
The cyclops shouts! (Press . to maintain the ray.)
You hear a shout! x2; You hear two shouts!
You hear a shout!
The cyclops throws a large rock.
The large rock hits you!!!
Ouch! That really hurt!
The searing ray hits the cyclops!
The cyclops is heavily wounded.
The searing ray hits the cyclops!
The cyclops is almost dead.
The cyclops throws a large rock.
The large rock hits you!!
You die...
Your body glows with a rainbow of weird colours and disappears.

#)#.#...#...
#.####...... #..# #)#
#...... ...###)#
#...... ......##
##........... .......##
#.....O.....
........####..#...C....
.#.......#.....#.......
<#..............@..∩...
#####....#.##..#.......
# ###.).###...#.......
####..)...###.##.......
...#..)#.## #####......
.......#.# #...
......^### ... .......#
.. .....###


You could see a cyclops and an ogre.

Vanquished Creatures
  The ghost of Descartes the Grappler, a journeyman TrCK of Xom (D:10)
  Erolcha (Orc:2)
  4 two-headed ogres
  Erica (Orc:1)
  An ogre mage (Orc:2)
  Pikel (D:4)
  An orc knight (D:10)
  Maurice (D:9)
  A black mamba (D:10)
  Grinder (D:3)
  5 trolls
  6 yaks
  2 wargs
  21 orc warriors
  A black bear (D:10)
  4 ice beasts
  3 sky beasts
  2 necrophages
  20 ogres
  3 centaurs
  A lemure (D:4)
  Blork the orc (D:4)
  2 big kobolds
  4 bullfrogs
  A gnoll sergeant (D:7)
  A water moccasin zombie (D:9)
  4 scorpions
  3 wights (D:10)
  4 howler monkeys
  2 centaur zombies
  A bullfrog zombie (D:10)
  A centaur skeleton (D:6)
  2 jellies
  6 hounds
  13 orc priests
  Crazy Yiuf (D:3)
  3 iguanas
  36 orc wizards
  12 worker ants
  2 hound zombies (D:5)
  A hound skeleton (D:5)
  A worker ant zombie (D:8)
  10 gnolls
  8 adders
  2 shadow imps
  An ufetubus (D:6)
  2 oozes
  3 adder skeletons
  An adder zombie (D:5)
  A worm (D:2)
  A dart slug (D:1)
  5 leopard geckos
  55 orcs
  3 ball pythons
  4 giant cockroaches
  15 hobgoblins
  5 jackals
  5 quokkas
  8 bats
  6 frilled lizards
  13 goblins
  A jackal skeleton (D:8)
  32 kobolds
  2 leopard gecko zombies (D:8)
  A quokka zombie (D:5)
  8 rats
374 creatures vanquished.

Vanquished Creatures (collateral kills)
  An orc warlord (Bailey)
  A centaur warrior (D:7)
  The ghost of Cykl0x the Carver, a novice MiFi of the Shining One (D:7)
  A black mamba (D:10)
  A spriggan (D:10)
  A centaur (D:7)
  A bullfrog (D:10)
  A gnoll sergeant (D:10)
  A worker ant (D:7)
9 creatures vanquished.

Vanquished Creatures (others)
  5 plants (D:6)
  A withered plant (D:6)
6 creatures vanquished.

Grand Total: 389 creatures vanquished

Notes
Turn   | Place    | Note
-------+----------+-------------------------------------------
     0 | D:1      | Almogavar the Kobold Conjurer began the quest for the Orb.
     0 | D:1      | Reached XP level 1. HP: 10/10 MP: 3/3
   287 | D:1      | Reached XP level 2. HP: 8/15 MP: 0/5
   422 | D:1      | Learned a level 2 spell: Searing Ray
   719 | D:1      | Reached XP level 3. HP: 19/19 MP: 0/6
  1704 | D:2      | Found a sparkling altar of Nemelex Xobeh.
  1708 | D:2      | Became a worshipper of Nemelex Xobeh the Trickster
  1836 | D:2      | Reached XP level 4. HP: 24/24 MP: 5/7
  2011 | D:2      | Noticed Sigmund
  2600 | D:3      | Reached skill level 5 in Conjurations
  2904 | D:3      | Found a burning altar of Makhleb.
  2909 | D:3      | Reached XP level 5. HP: 28/28 MP: 1/9
  2962 | D:3      | Reached skill level 1 in Short Blades
  3043 | D:3      | Noticed Grinder
  3051 | D:3      | Paralysed by Grinder for 2 turns
  3053 | D:3      | Killed Grinder
  3054 | D:3      | Reached skill level 5 in Stealth
  3054 | D:3      | Reached XP level 6. HP: 23/33 MP: 0/11
  3284 | D:3      | Reached XP level 7. HP: 37/37 MP: 7/12
  3616 | D:3      | Reached * piety under Nemelex Xobeh
  3753 | D:3      | Received a gift from Nemelex Xobeh
  3945 | D:3      | Found a runed translucent door.
  3948 | D:3      | Noticed Crazy Yiuf
  3952 | D:3      | Killed Crazy Yiuf
  4618 | D:4      | Noticed Pikel
  4625 | D:4      | Killed Pikel
  4626 | D:4      | Reached skill level 1 in Armour
  4626 | D:4      | Reached XP level 8. HP: 42/42 MP: 1/15
  4995 | D:4      | Learned a level 4 spell: Iskenderun's Mystic Blast
  5200 | D:4      | Noticed Blork the orc
  5206 | D:4      | Killed Blork the orc
  5741 | D:5      | Entered Level 5 of the Dungeon
  5762 | D:5      | Reached skill level 5 in Spellcasting
  5796 | D:5      | Found Etes's Magic Scroll Shoppe.
  5803 | D:5      | Reached skill level 1 in Fighting
  5803 | D:5      | Reached XP level 9. HP: 47/47 MP: 10/16
  5843 | D:5      | Bought a scroll of enchant armour for 75 gold pieces
  5930 | D:5      | Found Feazig's Antique Weapon Shop.
  5952 | D:5      | Received a gift from Nemelex Xobeh
  6027 | D:5      | Reached ** piety under Nemelex Xobeh
  6216 | D:5      | Found Zoim's Gadget Emporium.
  6255 | D:5      | Found Laffom's Antique Weapon Shoppe.
  7254 | D:6      | Got a fine broad axe
  7255 | D:6      | Identified the +7 broad axe of Callyhu {drain, +Inv rPois
                  | rF+ rN+} (You found it on level 6 of the Dungeon)
  7265 | D:6      | Received a gift from Nemelex Xobeh
  7454 | D:6      | Found an opulent altar of Gozag.
  7458 | D:6      | Found an ornate altar of the Wu Jian Council.
  7459 | D:6      | Found a hazy altar of Hepliaklqana.
  7464 | D:6      | Found a glowing silver altar of Zin.
  7464 | D:6      | Found a snail-covered altar of Cheibriados.
  7465 | D:6      | Found a glowing golden altar of the Shining One.
  7466 | D:6      | Found a sacrificial altar of Ru.
  7508 | D:6      | Found a blossoming altar of Fedhas.
  7514 | D:6      | Found an ancient bone altar of Kikubaaqudgha.
  7698 | D:6      | Found a staircase to the Ecumenical Temple.
  8181 | D:7      | Reached skill level 1 in Translocations
  8221 | D:7      | Found a broken altar of Ashenzari.
  8547 | D:7      | Found an iron altar of Okawaru.
  8987 | D:7      | Found a transporter.
  8987 | D:7      | Noticed a centaur warrior
  9000 | D:7      | Noticed Cykl0x's ghost (novice MiFi)
  9084 | D:7      | Found a transporter.
  9259 | D:8      | Reached XP level 10. HP: 52/52 MP: 16/20
  9293 | D:8      | Reached *** piety under Nemelex Xobeh
  9406 | D:8      | Received a gift from Nemelex Xobeh
 10152 | D:8      | Found Mingut's Antique Armour Shop.
 10405 | D:7      | Killed a centaur warrior
 10406 | D:7      | Reached skill level 5 in Dodging
 10412 | D:7      | Killed Cykl0x's ghost
 10835 | D:9      | You fall into a shaft and drop 1 floor!
 10835 | D:10     | Entered Level 10 of the Dungeon
 10841 | D:10     | Reached XP level 11. HP: 33/58 MP: 19/23
 11130 | D:10     | Received a gift from Nemelex Xobeh
 11384 | D:9      | Found Imot's Weapon Shoppe.
 11390 | D:9      | Noticed Maurice
 11443 | D:9      | Reached skill level 5 in Translocations
 11759 | D:9      | Killed Maurice
 12253 | D:10     | Received a gift from Nemelex Xobeh
 12285 | D:10     | Reached **** piety under Nemelex Xobeh
 12634 | D:10     | Found a staircase to the Orcish Mines.
 13184 | D:10     | Received a gift from Nemelex Xobeh
 13693 | Orc:1    | Entered Level 1 of the Orcish Mines
 13705 | Orc:1    | Noticed Erica
 13721 | Orc:1    | Found a flagged portal.
 13725 | Orc:1    | Killed Erica
 13726 | Orc:1    | Reached skill level 10 in Conjurations
 13736 | Bailey   | Entered a bailey
 14060 | Bailey   | Found a runed translucent gate.
 14060 | Bailey   | Found a runed translucent gate.
 14061 | Bailey   | Found a runed translucent gate.
 14235 | Bailey   | Noticed an orc warlord
 14300 | Bailey   | Killed an orc warlord
 14609 | Bailey   | Learned a level 3 spell: Dazzling Flash
 14943 | Orc:1    | Reached XP level 12. HP: 64/64 MP: 16/25
 15374 | Orc:1    | Found a runed translucent gate.
 15375 | Orc:1    | Found a runed translucent gate.
 15407 | Orc:1    | Found a runed translucent gate.
 15409 | Orc:1    | Found an opulent altar of Gozag.
 15416 | Orc:1    | Noticed Descartes's ghost (journeyman TrCK)
 15656 | D:10     | Killed Descartes's ghost
 15657 | D:10     | Reached skill level 1 in Shields
 15657 | D:10     | Reached skill level 10 in Spellcasting
 16124 | Orc:1    | Noticed a sun demon
 16444 | Orc:2    | Entered Level 2 of the Orcish Mines
 16735 | Orc:2    | Noticed Erolcha
 16743 | Orc:2    | Killed Erolcha
 16995 | Orc:2    | Found an iron altar of Okawaru.
 17042 | Orc:2    | Received a gift from Nemelex Xobeh
 17125 | Orc:2    | Found Zerori's Magic Scroll Shop.
 17150 | Orc:2    | Noticed a two-headed ogre
 17155 | Orc:2    | Noticed a two-headed ogre
 17169 | Orc:2    | HP: 1/64 [two-headed ogre/+0 giant club (13)]
 17494 | Orc:1    | Killed a two-headed ogre
 17500 | Orc:1    | Noticed an ettin
 17652 | Orc:2    | Noticed a two-headed ogre
 17666 | Orc:2    | Killed a two-headed ogre
 17757 | Orc:2    | Killed a two-headed ogre
 17836 | Orc:2    | Noticed a two-headed ogre
 17883 | Orc:1    | Killed a two-headed ogre
 18065 | Orc:2    | Reached XP level 13. HP: 68/69 MP: 26/28
 18310 | Orc:2    | Hit by a large rock thrown by a cyclops

Illustrated notes

Levels and vault maps discovered:
D:1:      wheals_arrival_shading, layout_basic, minmay_quantized
D:2:      layout_loops_ring, nemelex_diamond_rough_becter, uniq_sigmund
D:3:      minmay_spotlight, layout_rooms, serial_aquarium,
          aquarium_bridge_island_small [aquarium_subvault_small_water,
          aquarium_subvault_window, aquarium_subvault_wall,
          aquarium_subvault_bridge, aquarium_subvault_window],
          aquarium_bridge_square [aquarium_subvault_bridge,
          aquarium_subvault_wall, aquarium_subvault_window,
          aquarium_subvault_wall], aquarium_window_corner, aquarium_window_2,
          aquarium_view_2d, aquarium_balcony_5b, aquarium_pool_corner,
          makhleb_heckhound_becter, uniq_grinder, uniq_crazy_yiuf_cottage
D:4:      layout_loops_ring, minmay_ruptured, uniq_pikel, uniq_blork_the_orc
D:5:      minmay_evil_eye, layout_cave_pools, serial_shops,
          nicolae_shop_statue_plus, shop, nicolae_shop_overgrown_old_shop, shop,
          grunt_ministairs_10
D:6:      layout_cave_pools, grunt_temple_overflow_growth_and_decay, minitemple,
          temple_green
D:7:      layout_cave_pools, kennysheep_little_box,
          ashenzari_conservatory_becter, gammafunk_ghost_arena,
          minmay_misc_feat_x, serial_bayou_pond_e
D:8:      layout_basic, serial_shops, shop_coins
D:9:      layout_rooms, serial_shops, shop_statue, uniq_maurice
D:10:     layout_irregular_city, david_orc_4
Orc:1:    layout_diamond_mine, ebering_ghost_gozag, enter_bailey_4,
          lightli_church_of_beogh, uniq_erica
Orc:2:    st_orc_open, layout_diamond_mine, okawaru_metal_pillars_1_2,
          uniq_erolcha

Skill      XL: |  1  2  3  4  5  6  7  8  9 10 11 12 |
---------------+-------------------------------------+-----
Stealth        | 3 4 5 7 9 |  9.8
Conjurations   | 5 6 7 8 9 10 11 | 11.8
Short Blades   | 2 3 4 |  4.1
Dodging        | 3 4 5 6 7 |  7.3
Spellcasting   | 3 4 5 6 8 9 11 | 11.3
Armour         | 1 2 3 4 |  4.0
Fighting       | 1 2 3 |  3.8
Translocations | 2 4 6 |  6.6
Shields        | 2 |  2.2
Evocations     | |  0.8

Action                   |  1- 3 |  4- 6 |  7- 9 | 10-12 | 13-15 || total
-------------------------+-------+-------+-------+-------+-------++-------
Melee: Dagger            |    20 |     8 |    17 |       |       ||    45
       Broad axe         |       |       |     7 |    13 |       ||    20
       Staff             |       |       |       |     1 |       ||     1
 Cast: Magic Dart        |    39 |     9 |     3 |     2 |       ||    53
       Searing Ray       |     9 |    18 |    90 |   211 |     9 ||   337
       Iskenderun's Myst |       |       |     1 |    57 |     3 ||    61
       Dazzling Flash    |       |       |       |     2 |       ||     2
Invok: Draw Summoning    |       |       |       |     4 |       ||     4
       Draw Escape       |       |       |       |     4 |       ||     4
       Draw Destruction  |       |       |       |     1 |       ||     1
Evoke: Wand              |       |       |       |     3 |       ||     3
  Use: Scroll            |     1 |       |    11 |    10 |       ||    22
       Potion            |       |       |       |     2 |       ||     2
 Stab: Sleeping          |     1 |     1 |     6 |     5 |       ||    13
Armor: Robe              |     3 |     2 |     4 |    40 |     1 ||    50
       Leather armour    |       |       |     5 |       |       ||     5
Dodge: Dodged            |    15 |    13 |    52 |   170 |     2 ||   252
Block: Other             |       |       |     5 |    37 |       ||    42
       Reflection        |       |       |       |     6 |       ||     6
